Map: Emerald City LE

Players

Massa - Winner!

  • Race: Terran Terran
  • Spawn Location: 5:00

qqq - Winner!

  • Race: Protoss Protoss
  • Spawn Location: 5:00

Sqirtuoz

  • Race: Protoss Protoss
  • League: Gold
  • Spawn Location: 11:00

кОНЬАГОНь

  • Race: Terran Terran
  • Spawn Location: 11:00

VOD

Have the link to the VOD?

Description

Time

  • Played on: June 12, 2020, 7:15 a.m.
  • Length: 8:53
Show
View Real Time Build Order
Export as new Build Order

Massa Terran - Winner!

Build Orders:  

Get SALT Encoding   

  12  0:10  SCV  
  13  0:17  Supply Depot  
  13  0:22  SCV  
  14  0:34  SCV  
  15  0:43  Barracks  
  15  0:46  SCV  
  16  0:58  SCV  
  17  1:19  Command Center  
  17  1:20  SCV  
  18  1:30  Marine  
  18  1:31  Supply Depot  
  19  1:34  SCV  
  20  1:40  Refinery  
  20  1:46  SCV  
  21  1:51  Refinery  
  21  1:54  Marine  
  21  1:58  SCV  
  23  2:06  Barracks  
  23  2:10  SCV  
  24  2:22  SCV  
  25  2:27  Marine  
  26  2:45  Marine  
  27  2:56  Marine  
  28  3:02  SCV x2  
  28  3:03  Marine  
  31  3:12  Supply Depot  
  31  3:14  SCV x2  
  31  3:19  Barracks Tech Lab  
  33  3:21  Marine  
  33  3:25  Factory  
  33  3:27  SCV  
  36  3:33  Orbital Command  
  35  3:36  Supply Depot  
  35  3:39  Orbital Command  
  35  3:42  Concussive Shells  
  35  3:43  Barracks Tech Lab  
  35  3:45  Marauder  
  37  4:00  Barracks  
  37  4:05  Engineering Bay  
  37  4:09  Armory  
  37  4:19  Stimpack  
  37  4:22  Marauder, Marine  
  40  4:36  Factory Tech Lab  
  40  4:38  Combat Shield  
  40  4:39  Marine  
  40  4:43  Marauder  
  43  4:48  Terran Infantry Weapons Level 1  
  43  4:52  Missile Turret  
  43  4:58  Marauder, Missile Turret  
  45  5:04  Marauder  
  47  5:07  Missile Turret  
  47  5:22  Siege Tank  
  47  5:23  Barracks Reactor  
  47  5:26  SCV x2  
  52  5:36  Barracks  
  52  5:38  SCV x2  
  54  5:43  Engineering Bay  
  54  5:50  SCV  
  54  5:51  SCV  
  56  6:02  SCV  
  56  6:03  SCV  
  57  6:15  SCV x2  
  59  6:25  Missile Turret  
  59  6:27  SCV  
  59  6:28  Terran Infantry Armor Level 1  
  59  6:30  Terran Vehicle Weapons Level 1  
  60  6:34  Barracks Tech Lab  
  60  6:37  Command Center  
  60  6:43  Supply Depot  
  60  6:44  Supply Depot  
  60  6:45  Supply Depot x2  
  60  6:47  Missile Turret  
  60  6:48  Refinery  
  60  6:49  Marauder  
  62  7:02  Missile Turret  
  62  7:04  Siege Tank  
  62  7:05  Marauder  
  62  7:07  Supply Depot x2  
  67  7:09  Supply Depot  
  67  7:10  Missile Turret, Supply Depot  
  67  7:11  Marauder  
  67  7:13  Marauder  
  67  7:14  Marine x2  
  73  7:23  SCV x2, Missile Turret  
  73  7:26  Marauder  
  77  7:32  Marauder  
  77  7:35  SCV  
  77  7:36  SCV, Marauder  
  77  7:37  Marine  
  83  7:43  Missile Turret  
  84  7:46  Thor  
  84  7:47  Marauder  
  84  7:48  SCV  
  93  7:53  Marauder  
  95  8:03  Starport  
  95  8:11  Supply Depot  
  79  8:34  Supply Depot  
Show
View Real Time Build Order
Export as new Build Order

qqq Protoss - Winner!

Build Orders:  

Get SALT Encoding   

  12  0:03  Probe  
  13  0:21  Probe  
  13  0:22  Pylon  
  14  0:34  Probe  
  14  0:35  Pylon  
  15  0:46  Probe  
  16  0:52  Gateway  
  16  1:16  Probe  
  17  1:25  Assimilator  
  17  1:28  Probe  
  18  1:40  Probe  
  18  1:46  Nexus  
  19  1:53  Pylon  
  19  1:55  Assimilator  
  19  1:57  Probe  
  19  1:59  Assimilator  
  20  2:10  Probe  
  21  2:22  Probe  
  22  2:34  Probe  
  23  2:46  Probe  
  24  2:59  Cybernetics Core  
  24  3:06  Probe  
  24  3:10  Assimilator  
  25  3:15  Probe, Assimilator  
  25  3:23  Probe  
  25  3:33  Probe  
  26  3:38  Stargate  
  27  3:45  Probe  
  27  3:46  Stargate  
  28  3:57  Probe  
  29  4:09  Probe  
  30  4:16  Protoss Air Weapons Level 1  
  30  4:21  Probe, Phoenix  
  31  4:25  Phoenix  
  35  4:33  Probe  
  36  4:40  Phoenix  
  36  4:45  Probe, Phoenix  
  37  4:48  Nexus  
  41  4:57  Probe  
  41  5:01  Fleet Beacon  
  37  5:09  Probe  
  37  5:22  Probe  
  38  5:33  Probe  
  39  5:41  Probe  
  36  5:50  Probe  
  37  5:58  Phoenix x2  
  37  6:00  Probe  
  40  6:12  Probe  
  40  6:13  Anion Pulse-Crystals  
  41  6:23  Phoenix x2  
  41  6:24  Probe  
  46  6:29  Probe  
  46  6:32  Protoss Air Weapons Level 2  
  47  6:36  Probe  
  48  6:41  Probe  
  48  6:45  Phoenix  
  49  6:48  Probe  
  49  6:49  Phoenix  
  54  7:00  Probe  
  54  7:01  Pylon  
  55  7:03  Phoenix  
  55  7:11  Probe  
  55  7:13  Probe  
  59  7:21  Phoenix  
  61  7:23  Probe  
  61  7:25  Probe  
  63  7:32  Phoenix  
  63  7:35  Probe  
  66  7:39  Probe  
  67  7:47  Probe, Phoenix  
  67  7:51  Probe  
  71  7:57  Phoenix  
  73  7:59  Probe  
Show
View Real Time Build Order
Export as new Build Order

Sqirtuoz Protoss 

Build Orders: 1 Gate Expand, Oracle Opening 

Get SALT Encoding   

  12  0:01  Probe  
  13  0:13  Probe  
  14  0:18  Pylon  
  14  0:25  Probe  
  15  0:38  Probe  
  15  0:40  Gateway  
  16  0:46  Assimilator  
  16  0:47  Probe  
  16  0:55  Probe  
  18  1:07  Probe  
  19  1:27  Cybernetics Core  
  19  1:36  Probe, Nexus  
  20  1:42  Pylon  
  20  1:48  Probe  
  21  1:58  Pylon  
  21  2:05  Stalker  
  21  2:06  Warp Gate  
  23  2:09  Probe  
  24  2:17  Probe  
  25  2:27  Probe  
  26  2:38  Stalker  
  26  2:39  Probe  
  29  2:44  Probe  
  29  2:51  Assimilator  
  30  2:52  Probe  
  31  3:00  Probe  
  31  3:02  Probe  
  33  3:12  Stargate  
  33  3:20  Probe  
  33  3:22  Assimilator  
  34  3:27  Probe  
  34  3:28  Probe  
  34  3:31  Stalker  
  38  3:38  Probe x2  
  40  3:46  Probe, Oracle  
  40  3:50  Probe  
  40  3:54  Probe, Assimilator  
  42  4:02  Probe  
  47  4:06  Probe  
  48  4:10  Gateway  
  48  4:12  Robotics Facility  
  48  4:13  Pylon  
  48  4:14  Probe  
  48  4:16  Pylon  
  49  4:24  Probe  
  50  4:26  Probe  
  51  4:36  Probe  
  51  4:37  Stalker  
  54  4:38  Probe  
  54  4:42  Gateway  
  54  4:44  Gateway  
  55  4:51  Probe  
  56  5:22  Stalker x2  
  56  5:25  Immortal  
  64  5:29  Robotics Bay  
  64  5:32  Nexus  
  64  5:49  Stalker  
  63  5:50  Stalker x2  
  63  5:51  Stalker  
  69  5:59  Pylon  
  69  6:01  Pylon  
  69  6:02  Pylon  
  69  6:03  Twilight Council, Pylon  
  69  6:18  Stalker  
  69  6:19  Stalker x3  
  69  6:24  Probe  
  77  6:29  Probe  
  77  6:31  Nexus  
  77  6:32  Probe  
  79  6:37  Probe  
  80  6:42  Probe  
  80  6:43  Forge x2  
  82  6:47  Probe, Extended Thermal Lance  
  82  6:50  Probe  
  84  6:54  Probe  
  84  6:58  Probe  
  84  6:59  Probe  
  86  7:01  Assimilator  
  86  7:03  Assimilator  
  86  7:06  Probe  
  86  7:08  Probe  
  88  7:11  Probe, Stalker x3  
  96  7:18  Oracle  
  99  7:32  Probe  
  100  7:44  Probe  
  101  7:45  Pylon  
  101  7:46  Probe  
  101  7:47  Fleet Beacon  
  102  7:54  Probe  
  102  7:56  Probe  
  103  8:00  Probe  
  103  8:04  Probe  
  102  8:08  Probe  
  104  8:12  Probe  
  104  8:16  Probe  
  102  8:20  Probe  
  102  8:22  Probe  
  102  8:24  Assimilator  
  102  8:25  Probe  
  71  8:29  Probe  
  71  8:31  Pylon  
  71  8:33  Probe  
  73  8:34  Probe  
  73  8:37  Probe  
  73  8:41  Probe  
  76  8:42  Stalker x4  
  84  8:50  Gateway  
Show
View Real Time Build Order
Export as new Build Order

кОНЬАГОНь Terran 

Build Orders: Reaper Expand 

Get SALT Encoding   

  12  0:01  SCV  
  13  0:13  SCV  
  14  0:18  Supply Depot  
  14  0:25  SCV  
  15  0:39  SCV  
  15  0:41  Barracks  
  16  0:49  Refinery  
  16  0:51  SCV  
  17  1:03  SCV  
  18  1:15  SCV  
  19  1:32  Reaper  
  21  1:35  Orbital Command  
  20  1:41  Command Center  
  20  1:47  Command Center  
  20  2:03  SCV  
  20  2:07  Barracks  
  21  2:11  Barracks Reactor  
  21  2:15  SCV  
  22  2:17  Supply Depot  
  22  2:32  SCV  
  22  2:33  Refinery, Factory  
  22  2:45  SCV  
  22  2:50  Marine x2  
  25  2:56  Barracks Tech Lab  
  25  3:00  SCV  
  25  3:01  Orbital Command  
  26  3:14  SCV, Marine x2  
  26  3:16  Marine  
  30  3:24  Starport  
  30  3:26  SCV  
  31  3:28  SCV  
  31  3:30  Factory Reactor  
  31  3:32  Marine  
  33  3:37  Marine  
  33  3:38  SCV  
  35  3:43  Marine, Supply Depot  
  35  3:44  SCV  
  37  3:50  SCV  
  37  3:52  Marine  
  39  3:56  SCV  
  39  3:57  Stimpack  
  39  4:00  Marine  
  39  4:02  SCV  
  42  4:09  SCV  
  43  4:11  Marine  
  43  4:12  Medivac  
  43  4:13  Medivac  
  43  4:16  SCV  
  49  4:18  Refinery, Factory Tech Lab  
  49  4:20  Marine  
  49  4:21  Marine  
  49  4:23  SCV  
  52  4:29  Marine  
  52  4:30  SCV  
  54  4:31  Supply Depot  
  54  4:52  Marine x3  
  54  4:53  SCV x2, Cyclone  
  54  4:54  Supply Depot  
  62  5:13  Command Center  
  62  5:16  Refinery, Liberator, Marine x3, SCV x2  
  70  5:26  Barracks, Supply Depot  
  70  5:38  Supply Depot  
  70  5:47  SCV x2, Marine x3, Siege Tank  
  69  6:00  SCV x2  
  66  6:06  Marine x2  
  63  6:15  SCV  
  64  6:20  Command Center  
  64  6:23  Marine  
  64  6:24  Barracks Reactor  
  65  6:25  Marine  
  65  6:26  Marine  
  65  6:32  SCV  
  68  6:33  Siege Tank  
  68  6:37  Engineering Bay  
  68  6:39  SCV  
  72  6:40  Armory, Marine  
  72  6:41  Medivac  
  72  6:43  Marine  
  72  6:46  Marine  
  77  6:48  SCV  
  77  6:51  SCV  
  77  6:52  Orbital Command  
  79  6:58  Marine  
  80  7:02  Factory  
  80  7:03  Marine  
  80  7:04  SCV, Barracks  
  80  7:05  Marine  
  83  7:13  Marine  
  83  7:14  SCV  
  83  7:15  Siege Tank  
  88  7:16  SCV  
  88  7:22  Supply Depot  
  89  7:28  Marine, Viking  
  92  7:30  Viking  
  94  7:39  Armory  
  94  7:42  Starport  
  94  7:44  Starport  
  94  7:49  Marine  
  94  7:50  Cyclone  
  98  7:51  SCV x2  
  98  7:54  Refinery  
  98  7:56  Refinery, SCV  
  98  7:57  Orbital Command  
  101  8:03  SCV  
  99  8:14  Marine x3  
  99  8:16  Viking x2  
  99  8:17  SCV x2  
  108  8:26  Missile Turret  
  108  8:29  Missile Turret  
  108  8:32  SCV  
  108  8:33  SCV  
Tags
 
Add a new tag
Caveats
  • Supply blocks, unpowered buildings, or Contaminate may cause inaccurate times.
  • Supply counts are checked every 10 seconds.